 Dungeon Crawl Stone Soup version 0.31-a0-237-g2d982f9f85 (webtiles) character file.

Game seed: 8856258021631199961

66 qw the Shooter (level 4, -2/26 HPs)
             Began as a Gargoyle Hexslinger on July 10, 2023.
             Slain by Natasha (6 damage)
             ... on level 3 of the Dungeon.
             The game lasted 00:00:41 (1904 turns).

qw the Shooter (Gargoyle Hexslinger)                Turns: 1904, Time: 00:00:41

Health: -2/26      AC: 12    Str: 12    XL:     4   Next: 15%
Magic:  5/5        EV: 10    Int: 13    God:
Gold:   97         SH:  0    Dex: 14    Spells: 4/5 levels left

rFire   . . .        Y - +1 sling
rCold   . . .        (no shield)
rNeg    + . .        f - +4 ring mail
rPois   inf          (no helmet)
rElec   +            (no cloak)
rCorr   .            (no gloves)
SInv    .            (no boots)
Will    .....        (no amulet)
Stlth   +            (no ring)
HPRegen 0.24/turn    (no ring)
MPRegen 0.09/turn

%: no passive effects
@: slowed, very slow
A: sickness immunity, AC +3, negative energy resistance 1, electricity
resistance, torment resistance 1, petrification resistance
a: no special abilities


You were on level 3 of the Dungeon.
You visited 1 branch of the dungeon, and saw 3 of its levels.

You collected 97 gold pieces.


Innate Abilities, Weirdness & Mutations

You are immune to sickness and miasma.
Your stone body is resilient. (AC +3)
You are immune to poison.
You resist negative energy. (rN+)
You are resistant to electric shocks. (rElec)
You are resistant to unholy torment.
You are immune to petrification.


   Skills:
 - Level 2.0 Fighting
 - Level 4.0 Ranged Weapons
 + Level 0.0 Armour
 - Level 1.5 Dodging
 - Level 1.0 Spellcasting
 - Level 2.6 Hexes


You had 4 spell levels left.
You knew the following spells:

 Your Spells              Type           Power      Damage    Failure   Level
a - Slow                  Hex            28%        N/A       22%         1

Your spell library contained the following spells:

 Spells                   Type           Power      Damage    Failure   Level
 Inner Flame              Hex/Fire       4%         N/A       73%         3
 Portal Projectile        Hex/Tloc       8%         N/A       73%         3
 Cause Fear               Hex            3%         N/A       91%         4

Inventory:

Hand Weapons
 Y - a +1 sling (weapon)
Armour
 f - a +4 ring mail (worn)
Jewellery
 i - a ring of positive energy
 k - a +4 ring of protection
Scrolls
 a - 2 scrolls of identify
 c - a scroll of teleportation {unknown}
 g - a scroll of brand weapon {unknown}
 j - a scroll of immolation {unknown}
Potions
 b - a potion of brilliance {unknown}
 d - 3 potions of resistance {unknown}
 e - a potion of magic {unknown}
 h - 2 potions of curing {unknown}

Dungeon Overview and Level Annotations

Branches:
Dungeon (3/15)

Altars:

Shops:
D:2 [

Annotations:
D:2 1 runed translucent door, Crazy Yiuf
D:3 Natasha


Message History

Natasha casts a spell at you.
You feel as though you will be slow longer.
You shoot a sling bullet.
The sling bullet hits Natasha but does no damage.
Natasha claws you but does no damage.
Natasha howls an incantation.
You feel disoriented. Natasha claws you. The cerulean imp barely misses you.
You shoot a sling bullet.
The sling bullet closely misses Natasha.
The sling bullet closely misses the cerulean imp.
Natasha wildly gestures.
Natasha shimmers violently.
Natasha casts a spell at you. The magic dart hits you!
The cerulean imp barely misses you. Natasha claws you but does no damage.
The cerulean imp hits you but does no damage.
You shoot a sling bullet. The sling bullet hits Natasha.
Natasha is moderately wounded.
Natasha stares at you and mumbles some strange words.
The magic dart hits you!
The cerulean imp hits you from afar with a +1 spear.
Natasha casts a spell.
The cerulean imp hits you from afar with a +1 spear.
You shoot a sling bullet. The sling bullet hits Natasha.
Natasha is severely wounded.
Natasha casts a spell at you.
You feel as though you will be slow longer.
The cerulean imp hits you but does no damage.
The cerulean imp barely misses you.
Natasha mumbles some strange words.
Natasha glows brightly for a moment.
Natasha claws you but does no damage.
You shoot a sling bullet.
The sling bullet closely misses Natasha.
The sling bullet closely misses the cerulean imp.
The cerulean imp disappears in a puff of smoke!
The cerulean imp hits you with a +2 spear.
Natasha claws you.
You die...

###............
.##).##.##################
.....##..................#
...>.##.(....###########.#
###..........# #.#
#####.#......# #.#
......#......# #.#
########################.##
.....¤h@5........#
...###############


You could see Natasha and a cerulean imp (summoned).

Vanquished Creatures
  An adder (D:2)
  2 worms
  4 dart slugs
  2 orcs (D:3)
  3 ball pythons (D:2)
  3 endoplasms
  2 giant cockroaches (D:2)
  4 goblins
  5 hobgoblins
  3 quokkas
  A bat (D:2)
  3 frilled lizards
  2 kobolds
  6 rats
  A spectral kobold (D:1)
42 creatures vanquished.

Notes
Turn   | Place    | Note
-------+----------+-------------------------------------------
     0 | D:1      | qw the Gargoyle Hexslinger began the quest for the Orb.
     0 | D:1      | Reached XP level 1. HP: 12/12 MP: 2/2
     0 | D:1      | 0 ||| qw: Version: 0.3-a-52-g30416fa
     0 | D:1      | 0 ||| qw: Game counter: 5278
     0 | D:1      | 0 ||| qw: Melee chars always use a shield: true
     0 | D:1      | 0 ||| qw: God list: Okawaru
     0 | D:1      | 0 ||| qw: Allow faded altars: false
     0 | D:1      | 0 ||| qw: Do Orc after clearing Dungeon:15 true
     0 | D:1      | 0 ||| qw: Do second Lair branch before Depths: true
     0 | D:1      | 0 ||| qw: Lair rune preference: random
     0 | D:1      | 0 ||| qw: Goals: Normal
     0 | D:1      | 0 ||| PLANNING D:1-11
    33 | D:1      | You fall into a shaft and drop 1 floor!
    58 | D:2      | Reached XP level 2. HP: 6/16 MP: 3/3
    73 | D:2      | Reached skill level 3 in Ranged Weapons
   112 | D:2      | Found Wennah's Antique Armour Shop.
   126 | D:2      | 126 ||| SHOPLISTING glowing ring mail (189 gold, have 0).
   126 | D:2      | 126 ||| SHOPLISTING ring mail (108 gold, have 0).
   186 | D:2      | 186 ||| DROPPING scroll of poison.
   192 | D:2      | 192 ||| FLEEEEING.
   194 | D:2      | 194 ||| STAIRDANCE
   279 | D:1      | Found a faded altar of an unknown god.
   280 | D:1      | 280 ||| Stepping ~*~*~tactically~*~*~ (water).
   362 | D:1      | Reached XP level 3. HP: 21/21 MP: 4/4
   706 | D:1      | 706 ||| UPGRADING to +4 ring mail.
   716 | D:1      | 716 ||| DROPPING +0 robe.
   717 | D:1      | 717 ||| DROPPING ring of wizardry.
   718 | D:1      | 718 ||| READING 2 scrolls labelled VOPAOVODAV.
  1095 | D:2      | Found a runed translucent door.
  1096 | D:2      | Noticed Crazy Yiuf
  1566 | D:3      | Reached XP level 4. HP: 26/26 MP: 5/5
  1702 | D:3      | Reached skill level 4 in Ranged Weapons
  1894 | D:3      | Noticed Natasha
  1902 | D:3      | HP: 5/26 [cerulean imp/+1 spear[Natasha] (3)]
  1904 | D:3      | Slain by Natasha

Levels and vault maps discovered:
D:1:      pf_arrival_petrified_forest, layout_loops_ring,
          dreamdust_ecumenical_altar_drowned_temple
D:2:      layout_loops_ring, serial_shops, shop, uniq_crazy_yiuf_cottage
D:3:      layout_basic, uniq_natasha

Skill      XL: |  1  2  3  4 |
---------------+-------------+-----
Ranged Weapons | 3 4 |  4.0
Fighting       | 2 |  2.0
Dodging        | |  1.5
Spellcasting   | |  1.0
Hexes          | |  2.6

Action                     |  1- 3 |  4- 6 || total
---------------------------+-------+-------++-------
   Fire: Sling             |   137 |    28 ||   165
    Use: Scroll            |     1 |       ||     1
 Armour: Robe              |     8 |       ||     8
         Ring mail         |    13 |     9 ||    22
  Dodge: Dodged            |    45 |     6 ||    51

Table legend:
 A = Non-vault XP
 B = Vault XP
 C = Vault XP percentage of total XP
 D = Non-vault monster count
 E = Vault monster count
 F = Vault count percentage of total count
                 A         B        C        D         E       F
            +---------+---------+-------+---------+---------+-------
      Total |      94 |       1 |   1.1 |      41 |       1 |   2.4
            +---------+---------+-------+---------+---------+-------
        D:1 |      16 |       1 |   5.9 |       9 |       1 |  10.0
        D:2 |      47 |       0 |   0.0 |      18 |       0 |   0.0
        D:3 |      31 |       0 |   0.0 |      14 |       0 |   0.0
            +---------+---------+-------+---------+---------+-------
